 Dungeon Crawl Stone Soup version 0.31-a0-152-g6aa68a64a1 (webtiles) character file.

Game seed: 882023276068648868

600 qw the Shooter (level 7, -1/64 HPs)
             Began as a Naga Hunter on June 10, 2023.
             Killed from afar by Blork the orc (5 damage)
             ... with a magic dart
             ... on level 4 of the Dungeon.
             The game lasted 00:00:49 (2413 turns).

qw the Shooter (Naga Hunter)                        Turns: 2413, Time: 00:00:50

Health: -1/64      AC:  4    Str: 13    XL:     7   Next: 41%
Magic:  7/7        EV:  9    Int: 10    God:
Gold:   138        SH:  0    Dex: 16    Spells: 6/6 levels left

rFire   . . .        Y - +1 shortbow (heavy)
rCold   . . .        (shield currently unavailable)
rNeg    . . .        c - +0 leather armour
rPois   +            f - +0 helmet
rElec   .            (no cloak)
rCorr   .            (no gloves)
SInv    +            (no barding)
Will    .....        (no amulet)
Stlth   ++           (no ring)
HPRegen 0.30/turn    (no ring)
MPRegen 0.10/turn

%: no passive effects
@: very slow
A: AC +2, large, see invisible, deformed body, poison resistance, slowness 2,
spit poison 1, naga tail 1
a: Spit Poison


You were on level 4 of the Dungeon.
You visited 1 branch of the dungeon, and saw 4 of its levels.

You collected 138 gold pieces.


Innate Abilities, Weirdness & Mutations

Your serpentine skin is tough. (AC +2)
You have supernaturally acute eyesight. (SInv)
Armour fits poorly on your strangely shaped body.
Your system is resistant to poisons. (rPois)
You cover ground very slowly.
You can spit poison.
You have a snake-like lower body.


   Skills:
 - Level 4.0 Fighting
 - Level 7.2 Ranged Weapons
 + Level 1.8 Dodging
 - Level 1.5 Stealth


You had 6 spell levels left.
You didn't know any spells.
Your spell library was empty.

Inventory:

Hand Weapons
 Y - a +1 heavy shortbow (weapon)
Armour
 c - a +0 leather armour (worn)
 f - a +0 helmet (worn)
 k - a +1 robe of the Archmagi
Jewellery
 j - a ring of fire
Scrolls
 a - a scroll of teleportation
 b - a scroll of identify
Potions
 d - a potion of might
 e - a potion of invisibility {unknown}
 g - a potion of ambrosia {unknown}
 h - a potion of mutation {unknown}
 i - a potion of haste {unknown}

Dungeon Overview and Level Annotations

Branches:
Dungeon (4/15)
 Temple: D:4-7

Altars:
Cheibriados
Elyvilon
Gozag
Qazlal
Uskayaw
Wu Jian
Yredelemnul
Zin

Annotations:
D:4 Blork the orc


Message History

2408 ||| INVOKING Spit Poison.
Aiming: Spit Poison (1% risk of failure)
Press: ? - help, Shift-Dir - straight line, f - Blork the orc The splash of poison hits Blork the orc.
Blork the orc is lightly wounded.
You shoot an arrow. The arrow hits Blork the orc!!
Blork the orc is severely wounded.
Blork the orc gestures wildly while chanting.
Blork the orc seems to speed up.
Blork the orc looks satisfied for a moment.
You shoot an arrow. The arrow closely misses Blork the orc.
Blork the orc barely misses you.
Blork the orc gestures at you while chanting.
The puff of frost hits you!
You shoot an arrow. The arrow barely misses Blork the orc.
Blork the orc hits you from afar with a +0 glaive! x2
Blork the orc casts a spell at you. The puff of frost hits you!
Enter note:
Enter note:
Enter note:
Enter note:
Enter note:
Enter note:
Enter note:
Enter note:
Enter note:
Enter note:
Enter note:
Enter note:
2412 ||| UPGRADING to +1 robe of the Archmagi.
Blork the orc closely misses you.
You start removing your armour.
You continue taking off your +0 leather armour.
You have got your breath back.
Blork the orc hits you from afar with a +0 glaive!
You stop removing your armour.
Blork the orc casts a spell at you. The magic dart hits you.
You die...

.# #...#.......# .#
#...#.......# .# .
#...#.......# .## ..
###.#.......######## ..#
#.. #.######..........
..# #.$.
#......#.......... ..#
#.... #......#..........
..#
#.....#[.....#..........
..#
#....o'@.....#..........
..#
#.....#......#..........
..# #....
#......#.......... ..#
#... ########..........
### ### ###########


You could see Blork the orc (fast).

Vanquished Creatures
  Menkaure (D:4)
  Duvessa (D:4)
  A black bear (D:4)
  A bullfrog (D:4)
  A scorpion (D:4)
  Dowan (D:4)
  A sleepcap (D:4)
  3 adders (D:3)
  3 worms (D:2)
  4 dart slugs
  4 orcs
  4 endoplasms
  4 goblins
  7 hobgoblins
  2 jackals (D:1)
  6 kobolds
  2 quokkas (D:1)
  4 ball pythons
  5 bats
  2 frilled lizards
  3 rats (D:1)
60 creatures vanquished.

Notes
Turn   | Place    | Note
-------+----------+-------------------------------------------
     0 | D:1      | qw the Naga Hunter began the quest for the Orb.
     0 | D:1      | Reached XP level 1. HP: 19/19 MP: 1/1
     0 | D:1      | 0 ||| qw: Version: 0.2-a-29-gd901d54
     0 | D:1      | 0 ||| qw: Game counter: 3950
     0 | D:1      | 0 ||| qw: Always use a shield: true
     0 | D:1      | 0 ||| qw: God list: Okawaru
     0 | D:1      | 0 ||| qw: Allow faded altars: false
     0 | D:1      | 0 ||| qw: Do Orc after D:15 true
     0 | D:1      | 0 ||| qw: Do second Lair branch before Depths: true
     0 | D:1      | 0 ||| qw: Lair rune preference: random
     0 | D:1      | 0 ||| qw: Plans: Normal
     0 | D:1      | 0 ||| PLANNING D:1-11
    51 | D:1      | 51 ||| INVOKING Spit Poison.
   111 | D:1      | 111 ||| INVOKING Spit Poison.
   128 | D:1      | 128 ||| INVOKING Spit Poison.
   132 | D:1      | Reached skill level 4 in Ranged Weapons
   132 | D:1      | Reached XP level 2. HP: 23/26 MP: 2/2
   133 | D:1      | 133 ||| INVOKING Spit Poison.
   271 | D:1      | 271 ||| INVOKING Spit Poison.
   292 | D:1      | 292 ||| INVOKING Spit Poison.
   333 | D:1      | 333 ||| INVOKING Spit Poison.
   343 | D:1      | 343 ||| INVOKING Spit Poison.
   359 | D:1      | 359 ||| INVOKING Spit Poison.
   505 | D:1      | 505 ||| INVOKING Spit Poison.
   508 | D:1      | 508 ||| INVOKING Spit Poison.
   628 | D:1      | Reached XP level 3. HP: 32/32 MP: 3/3
   683 | D:1      | 683 ||| INVOKING Spit Poison.
   698 | D:1      | 698 ||| READING 2 scrolls labelled UFUMPA QEPTUSM.
   703 | D:1      | 703 ||| READING scroll labelled JUN LAPAEF.
   704 | D:1      | 704 ||| READING scroll labelled HEAMUG VI DIED.
   705 | D:1      | 705 ||| DROPPING scroll of butterflies.
   747 | D:2      | Identified the +3 plate armour "Hungoetu" {rF+ rCorr Str-4
                  | Slay+2}
   995 | D:2      | 995 ||| INVOKING Spit Poison.
  1048 | D:2      | 1048 ||| INVOKING Spit Poison.
  1055 | D:2      | 1055 ||| INVOKING Spit Poison.
  1061 | D:2      | 1061 ||| INVOKING Spit Poison.
  1078 | D:2      | 1078 ||| INVOKING Spit Poison.
  1095 | D:2      | 1095 ||| INVOKING Spit Poison.
  1119 | D:2      | 1119 ||| INVOKING Spit Poison.
  1123 | D:2      | 1123 ||| INVOKING Spit Poison.
  1241 | D:2      | 1241 ||| UPGRADING to +0 helmet.
  1246 | D:2      | 1246 ||| READING scroll labelled OFYUCK XILUI.
  1296 | D:3      | 1296 ||| INVOKING Spit Poison.
  1299 | D:3      | 1299 ||| INVOKING Spit Poison.
  1304 | D:3      | 1304 ||| INVOKING Spit Poison.
  1366 | D:3      | Reached skill level 5 in Ranged Weapons
  1366 | D:3      | Reached XP level 4. HP: 39/39 MP: 4/4
  1386 | D:3      | 1386 ||| INVOKING Spit Poison.
  1420 | D:3      | 1420 ||| INVOKING Spit Poison.
  1426 | D:3      | 1426 ||| INVOKING Spit Poison.
  1507 | D:3      | 1507 ||| INVOKING Spit Poison.
  1517 | D:3      | 1517 ||| INVOKING Spit Poison.
  1526 | D:3      | 1526 ||| INVOKING Spit Poison.
  1529 | D:3      | 1529 ||| INVOKING Spit Poison.
  1534 | D:3      | 1534 ||| INVOKING Spit Poison.
  1587 | D:3      | 1587 ||| INVOKING Spit Poison.
  1610 | D:3      | 1610 ||| INVOKING Spit Poison.
  1657 | D:3      | Found a hide-covered altar of Uskayaw.
  1659 | D:3      | 1659 ||| INVOKING Spit Poison.
  1714 | D:3      | 1714 ||| INVOKING Spit Poison.
  1716 | D:3      | Reached skill level 3 in Fighting
  1753 | D:3      | 1753 ||| READING scroll labelled NIEXKO OSIMOLL.
  1754 | D:3      | 1754 ||| DRINKING 2 sedimented puce potions.
  1785 | D:4      | Noticed Duvessa
  1786 | D:4      | Noticed Dowan
  1788 | D:4      | 1788 ||| INVOKING Spit Poison.
  1790 | D:4      | Killed Duvessa
  1791 | D:4      | Reached XP level 5. HP: 49/49 MP: 5/5
  1792 | D:4      | 1792 ||| INVOKING Spit Poison.
  1795 | D:4      | 1795 ||| INVOKING Spit Poison.
  1798 | D:4      | HP: 11/49 [Dowan/+0 dagger (5)]
  1799 | D:4      | 1799 ||| READING 2 scrolls of teleportation.
  1800 | D:4      | 1800 ||| INVOKING Spit Poison.
  1801 | D:4      | Killed Dowan
  1802 | D:4      | Reached skill level 6 in Ranged Weapons
  1802 | D:4      | Reached XP level 6. HP: 10/56 MP: 6/6
  1961 | D:4      | 1961 ||| INVOKING Spit Poison.
  1975 | D:4      | Noticed a black bear
  1976 | D:4      | 1976 ||| INVOKING Spit Poison.
  1979 | D:4      | 1979 ||| INVOKING Spit Poison.
  1981 | D:4      | Killed a black bear
  2062 | D:4      | Found an ornate altar of the Wu Jian Council.
  2063 | D:4      | Found a stormy altar of Qazlal.
  2063 | D:4      | Found a snail-covered altar of Cheibriados.
  2066 | D:4      | Found a white marble altar of Elyvilon.
  2066 | D:4      | Found a glowing silver altar of Zin.
  2068 | D:4      | Found an opulent altar of Gozag.
  2069 | D:4      | Found a basalt altar of Yredelemnul.
  2092 | D:4      | 2092 ||| INVOKING Spit Poison.
  2100 | D:4      | Noticed Menkaure
  2103 | D:4      | 2103 ||| INVOKING Spit Poison.
  2107 | D:4      | Reached XP level 7. HP: 44/64 MP: 7/7
  2107 | D:4      | Killed Menkaure
  2108 | D:4      | Reached skill level 7 in Ranged Weapons
  2407 | D:4      | Noticed Blork the orc
  2408 | D:4      | 2408 ||| INVOKING Spit Poison.
  2412 | D:4      | 2412 ||| UPGRADING to +1 robe of the Archmagi.
  2413 | D:4      | HP: 4/64 [Blork the orc/+0 glaive (15)]
  2413 | D:4      | Killed from afar by Blork the orc

Levels and vault maps discovered:
D:1:      roderic_octagonal_star, layout_loops_ring
D:2:      layout_basic
D:3:      layout_rooms, nicolae_uskayaw_suspiria, minmay_checkerbox
D:4:      layout_gridville, grunt_temple_overflow_open, uniq_menkaure,
          uniq_blork_the_orc, uniq_duvessa

Skill      XL: |  1  2  3  4  5  6  7 |
---------------+----------------------+-----
Ranged Weapons | 4 5 6 7 |  7.2
Fighting       | 3 4 |  4.0
Dodging        | |  1.8
Stealth        | |  1.5

Action                     |  1- 3 |  4- 6 |  7- 9 || total
---------------------------+-------+-------+-------++-------
   Fire: Shortbow          |    59 |    57 |    10 ||   126
Ability: Spit Poison       |    23 |    21 |     1 ||    45
    Use: Scroll            |     4 |     2 |       ||     6
         Potion            |       |     1 |       ||     1
 Armour: Leather armour    |     9 |    18 |       ||    27
  Dodge: Dodged            |    15 |    19 |     5 ||    39

Table legend:
 A = Non-vault XP
 B = Vault XP
 C = Vault XP percentage of total XP
 D = Non-vault monster count
 E = Vault monster count
 F = Vault count percentage of total count
                 A         B        C        D         E       F
            +---------+---------+-------+---------+---------+-------
      Total |     482 |     376 |  43.8 |      53 |       7 |  11.7
            +---------+---------+-------+---------+---------+-------
        D:1 |      36 |       0 |   0.0 |      19 |       0 |   0.0
        D:2 |      28 |       0 |   0.0 |      10 |       0 |   0.0
        D:3 |      69 |       7 |   9.2 |      15 |       4 |  21.1
        D:4 |     349 |     369 |  51.4 |       9 |       3 |  25.0
            +---------+---------+-------+---------+---------+-------
